Map: Dusk Towers

Players

ILLBdA

  • Race: Protoss Protoss
  • League: Diamond

NeoJeNesis - Winner!

  • Race: Terran Terran
  • League: Diamond

VOD

Have the link to the VOD?

Description

Time

  • Played on: Dec. 17, 2015, 6:51 a.m.
  • Length: 5:43
Show
View Real Time Build Order
Export as new Build Order

ILLBdA Protoss 

Build Orders: 1 Gate Expand, Dark Templar Rush 

Get SALT Encoding   

  12  0:00  Probe (Chrono Boost)  
  13  0:11  Probe (Chrono Boost)  
  14  0:21  Pylon  
  14  0:22  Probe (Chrono Boost)  
  15  0:39  Probe (Chrono Boost)  
  15  0:40  Gateway  
  15  0:42  Assimilator  
  17  0:50  Probe (Chrono Boost)  
  17  1:00  Probe (Chrono Boost)  
  18  1:11  Probe (Chrono Boost)  
  19  1:21  Probe (Chrono Boost)  
  20  1:27  Cybernetics Core  
  20  1:32  Probe (Chrono Boost)  
  21  1:38  Nexus  
  21  1:44  Assimilator  
  21  1:49  Pylon  
  21  1:51  Probe (Chrono Boost)  
  22  2:07  Adept (Chrono Boost)  
  22  2:08  Mothership Core (Chrono Boost)  
  26  2:09  Warp Gate  
  26  2:22  Pylon  
  26  2:28  Probe (Chrono Boost)  
  27  2:32  Stalker  
  29  2:42  Robotics Facility  
  29  2:50  Probe x2 (Chrono Boost)  
  31  3:00  Probe (Chrono Boost)  
  31  3:05  Pylon  
  32  3:06  Twilight Council  
  32  3:12  Probe (Chrono Boost)  
  33  3:22  Probe (Chrono Boost)  
  33  3:25  Probe (Chrono Boost)  
  35  3:27  Pylon  
  35  3:29  Assimilator  
  35  3:30  Observer  
  35  3:32  Probe (Chrono Boost)  
  37  3:40  Stalker  
  40  3:48  Probe (Chrono Boost), Dark Shrine  
  41  3:55  Probe (Chrono Boost)  
  41  3:59  Warp Prism  
  43  4:23  Gateway x2  
  43  4:25  Probe (Chrono Boost)  
  44  4:34  Probe (Chrono Boost)  
  44  4:36  Probe (Chrono Boost)  
  46  4:40  Observer  
  46  4:42  Probe (Chrono Boost)  
  48  4:47  Probe, Assimilator  
  48  4:49  Pylon  
  49  4:53  Probe  
  50  5:01  Pylon  
  50  5:02  Dark Templar  
  50  5:05  Probe  
  53  5:16  Probe  
  58  5:23  Probe  
  58  5:26  Robotics Bay  
  58  5:27  Stalker  
  61  5:33  Adept  
Show
View Real Time Build Order
Export as new Build Order

NeoJeNesis Terran - Winner!

Build Orders:  

Get SALT Encoding   

  12  0:01  SCV  
  13  0:19  Supply Depot, Refinery  
  13  0:28  SCV  
  14  0:40  SCV  
  15  0:44  Barracks  
  15  0:52  SCV  
  16  1:04  SCV  
  17  1:16  SCV  
  18  1:30  Marine  
  19  1:34  Orbital Command  
  19  1:38  Factory  
  19  1:39  Supply Depot  
  19  1:48  Marine  
  20  1:55  Barracks  
  20  2:00  SCV  
  21  2:12  Bunker  
  21  2:19  Engineering Bay  
  21  2:20  Barracks Tech Lab  
  21  2:21  SCV  
  22  2:34  SCV  
  23  2:46  Barracks  
  23  2:50  Barracks Tech Lab, Missile Turret  
  23  2:52  Starport  
  23  2:56  Refinery  
  23  3:04  Stimpack  
  23  3:20  SCV  
  23  3:22  Marauder x2  
  28  3:30  Supply Depot  
  28  3:33  SCV  
  29  3:43  Marine x2  
  31  3:50  Supply Depot  
  31  3:51  Medivac  
  33  3:55  Marine  
  33  4:00  Marine  
  33  4:01  Marine  
  33  4:02  Supply Depot  
  36  4:13  Marine  
  37  4:18  Marine  
  37  4:19  Marine  
  39  4:27  Medivac  
  41  4:31  Marine  
  41  4:36  Marine  
  41  4:37  Marine  
  44  4:40  Bunker  
  44  4:49  Marine  
  45  4:54  Marine  
  45  4:56  Concussive Shells  
  45  4:58  Marauder  
  48  5:11  Marauder  
  48  5:12  Marine  
  53  5:21  Marauder  
Tags
 
Add a new tag
Caveats
  • Supply blocks, unpowered buildings, or Contaminate may cause inaccurate times.
  • Supply counts are checked every 10 seconds.